 Dungeon Crawl Stone Soup version 0.31-a0-150-g89dc3ad700 (webtiles) character file.

Game seed: 3227519508672055497

370 qw the Shooter (level 6, 0/55 HPs)
             Began as a Minotaur Hunter on June 8, 2023.
             Slain by an orc wizard
             ... wielding a +0 dagger
              (3 damage)
             ... on level 4 of the Dungeon.
             The game lasted 00:01:07 (3020 turns).

qw the Shooter (Minotaur Hunter)                    Turns: 3020, Time: 00:01:08

Health: 0/55       AC:  5    Str: 16    XL:     6   Next: 42%
Magic:  5/5        EV: 11    Int:  6    God:
Gold:   117        SH:  0    Dex: 15    Spells: 5/5 levels left

rFire   . . .        Y - +0 orcbow
rCold   . . .        (shield currently unavailable)
rNeg    . . .        a - +0 ring mail
rPois   .            (helmet restricted)
rElec   .            (no cloak)
rCorr   .            (no gloves)
SInv    .            (no boots)
Will    .....        (no amulet)
Stlth   +            (no ring)
HPRegen 0.29/turn    (no ring)
MPRegen 0.09/turn

%: no passive effects
@: no status effects
A: horns 2, retaliatory headbutt
a: no special abilities


You were on level 4 of the Dungeon.
You visited 1 branch of the dungeon, and saw 4 of its levels.

You collected 117 gold pieces.


Innate Abilities, Weirdness & Mutations

You have a pair of horns on your head.
You reflexively headbutt those who attack you in melee.


   Skills:
 - Level 4.9 Fighting
 + Level 7.1 Ranged Weapons
 - Level 2.4 Armour
 - Level 2.1 Dodging
 - Level 0.7 Stealth


You had 5 spell levels left.
You didn't know any spells.
Your spell library was empty.

Inventory:

Hand Weapons
 Y - a +0 orcbow (weapon)
Armour
 a - a +0 ring mail (worn)
 c - a +0 leather armour
Jewellery
 f - a ring of fire
Scrolls
 b - a scroll of identify
Potions
 e - a potion of might

Dungeon Overview and Level Annotations

Branches:
Dungeon (4/15)
 Temple: D:4-7

Altars:
Qazlal


Message History

You shoot an arrow. The arrow closely misses the phantom.
The phantom barely misses you. You furiously retaliate!
You headbutt the phantom! You shoot an arrow.
The arrow closely misses the phantom.
The phantom hits you. The phantom closely misses you. You furiously retaliate!
You headbutt the phantom.
You destroy the phantom!
Your Armour skill gained 2 levels and is now at level 2!
You shoot an arrow. You shoot an arrow. The arrow barely misses the orc wizard.
You shoot an arrow. The arrow hits the orc wizard.
The orc wizard is almost dead.
The orc wizard points at you and mumbles some strange words.
You are confused.
The orc wizard mumbles some strange words.
The orc wizard flickers and vanishes!
The orc wizard hits you with a +0 dagger.
You feel less confused.
You shoot an arrow.
The arrow closely misses the orc wizard.
The orc wizard points at you and mumbles some strange words.
The puff of flame misses you. Something hits you.
The orc wizard hits you with a +0 dagger.
You shoot an arrow. The arrow barely misses the orc wizard.
Something hits you but does no damage. The orc wizard completely misses you.
You furiously retaliate!
You headbutt the orc wizard. You shoot an arrow. The arrow hits the orc wizard.
You kill the orc wizard!
Something hits you but does no damage. x2
Your Ranged Weapons skill increases to level 7!
You shoot an arrow. Something hits you. Something hits you but does no damage.
You shoot an arrow.
Something hits you. x2; Something hits you but does no damage.
Something hits you.
You shoot an arrow.
An orc wizard appears from thin air!
Reactivating autopickup.
The orc wizard hits you with a +0 dagger.
You die...

. #...........#....
..##<.....##.....#.o
...................#..#
#.##.#................#
# #..............%.###
.#.####....>.........#..
.....................###
#...#o.....####.....#
#.@{#........#....#
#.).#........##....
#..#.<.#.....# ....
......#........ ..#
....##$.#...... ..#
...... ......... .......
.# ........ .#


You could see an orc wizard.

Vanquished Creatures
  A centaur (D:2)
  A phantom (D:4)
  2 hounds
  An orc wizard (D:4)
  5 adders
  An ufetubus (D:4)
  A worm (D:4)
  7 bats
  8 endoplasms
  4 giant cockroaches
  7 goblins
  12 hobgoblins
  4 jackals
  3 quokkas
  6 ball pythons
  A frilled lizard (D:2)
  4 kobolds
  4 rats
72 creatures vanquished.

Notes
Turn   | Place    | Note
-------+----------+-------------------------------------------
     0 | D:1      | qw the Minotaur Hunter began the quest for the Orb.
     0 | D:1      | Reached XP level 1. HP: 18/18 MP: 0/0
     0 | D:1      | 0 ||| qw: Version: 0.2-a-119-g0488c42
     0 | D:1      | 0 ||| qw: Game counter: 2745
     0 | D:1      | 0 ||| qw: Always use a shield: true
     0 | D:1      | 0 ||| qw: God list: Okawaru
     0 | D:1      | 0 ||| qw: Allow faded altars: false
     0 | D:1      | 0 ||| qw: Do Orc after D:15 true
     0 | D:1      | 0 ||| qw: Do second Lair branch before Depths: true
     0 | D:1      | 0 ||| qw: Lair rune preference: random
     0 | D:1      | 0 ||| qw: Plans: Normal
     0 | D:1      | 0 ||| PLANNING D:1-11
   109 | D:1      | Reached XP level 2. HP: 25/25 MP: 1/1
   128 | D:1      | Reached skill level 5 in Ranged Weapons
   181 | D:1      | Reached skill level 3 in Fighting
   496 | D:1      | Reached XP level 3. HP: 31/31 MP: 2/2
   585 | D:1      | 585 ||| READING scroll labelled PAZIGG RIEPAM.
   586 | D:1      | 586 ||| READING scroll labelled ZUOROCWIER.
   590 | D:1      | 590 ||| READING scroll labelled XASKES ZEEF EFE.
   591 | D:1      | 591 ||| DROPPING scroll of butterflies.
   722 | D:2      | 722 ||| FLEEEEING.
   723 | D:2      | 723 ||| FLEEEEING.
   724 | D:2      | 724 ||| FLEEEEING.
   725 | D:2      | 725 ||| FLEEEEING.
   726 | D:2      | 726 ||| STAIRDANCE
   751 | D:1      | 751 ||| READING scroll labelled WOUSIQ DUMOIRIT.
  1129 | D:2      | Reached skill level 6 in Ranged Weapons
  1129 | D:2      | Reached XP level 4. HP: 38/38 MP: 3/3
  1355 | D:2      | 1355 ||| READING scroll labelled WUIJAP QEPE.
  1456 | D:2      | 1456 ||| DRINKING 2 grey potions.
  1465 | D:2      | 1465 ||| DRINKING 2 brown potions.
  1466 | D:2      | 1466 ||| DROPPING potion of ambrosia.
  1476 | D:3      | Noticed a centaur
  1480 | D:3      | 1480 ||| STAIRDANCE
  1558 | D:3      | 1558 ||| STAIRDANCE
  1614 | D:3      | 1614 ||| STAIRDANCE
  1616 | D:2      | HP: 8/38 [adder (4)]
  1617 | D:2      | 1617 ||| DRINKING potion of heal wounds.
  1704 | D:3      | 1704 ||| STAIRDANCE
  1720 | D:3      | 1720 ||| STAIRDANCE
  1787 | D:3      | 1787 ||| STAIRDANCE
  1829 | D:3      | 1829 ||| STAIRDANCE
  1840 | D:2      | HP: 7/38 [centaur (6)]
  1841 | D:2      | HP: 3/38 [centaur (4)]
  1841 | D:2      | Killed a centaur
  1842 | D:2      | Reached XP level 5. HP: 4/47 MP: 4/4
  2001 | D:2      | 2001 ||| SWAPPING to +0 orcbow.
  2002 | D:2      | 2002 ||| DROPPING +0 shortbow.
  2018 | D:3      | Found a stormy altar of Qazlal.
  2166 | D:3      | Found a faded altar of an unknown god.
  2800 | D:3      | 2800 ||| READING scroll labelled KEESEGREALAY.
  2801 | D:3      | 2801 ||| READING scroll labelled ETYCIRE FEAROJUSE.
  2802 | D:3      | 2802 ||| READING 2 scrolls of identify.
  2802 | D:3      | 2802 ||| IDENTIFYING fuming pink potion
  2813 | D:4      | 2813 ||| STAIRDANCE
  2943 | D:4      | Reached XP level 6. HP: 50/55 MP: 5/5
  2970 | D:4      | 2970 ||| UPGRADING to +0 ring mail.
  3004 | D:4      | HP: 13/55 [phantom (3)]
  3015 | D:4      | HP: 12/55 [something (2)]
  3018 | D:4      | Reached skill level 7 in Ranged Weapons
  3019 | D:4      | HP: 5/55 [something (1)]
  3020 | D:4      | Slain by an orc wizard

Levels and vault maps discovered:
D:1:      spicycebolla_arrival_clurvy, layout_loops_cross
D:2:      layout_basic, kennysheep_generic_room_4
D:3:      layout_basic, mainiacjoe_overflow_small_starburst,
          ebering_ecumenical_altar_box
D:4:      layout_rooms, old_standard_altar, kennysheep_slug_shrine,
          minmay_a_box_with_orc_wizards_in_it

Skill      XL: |  1  2  3  4  5  6 |
---------------+-------------------+-----
Ranged Weapons | 5 6 7 |  7.1
Fighting       | 3 4 |  4.9
Armour         | 2 |  2.4
Dodging        | |  2.1
Stealth        | |  0.7

Action                     |  1- 3 |  4- 6 || total
---------------------------+-------+-------++-------
   Fire: Shortbow          |   110 |    27 ||   137
         Orcbow            |       |    87 ||    87
    Use: Scroll            |     4 |     4 ||     8
         Potion            |       |     3 ||     3
 Armour: Leather armour    |    10 |    11 ||    21
         Ring mail         |       |    13 ||    13
  Dodge: Dodged            |    26 |    73 ||    99

Table legend:
 A = Non-vault XP
 B = Vault XP
 C = Vault XP percentage of total XP
 D = Non-vault monster count
 E = Vault monster count
 F = Vault count percentage of total count
                 A         B        C        D         E       F
            +---------+---------+-------+---------+---------+-------
      Total |     492 |      37 |   7.0 |      70 |       2 |   2.8
            +---------+---------+-------+---------+---------+-------
        D:1 |      44 |       0 |   0.0 |      25 |       0 |   0.0
        D:2 |     198 |       2 |   1.0 |      20 |       1 |   4.8
        D:3 |      82 |       0 |   0.0 |      18 |       0 |   0.0
        D:4 |     168 |      35 |  17.2 |       7 |       1 |  12.5
            +---------+---------+-------+---------+---------+-------
